 Dungeon Crawl Stone Soup version 0.24-a0-487-g57318f2ed0 (webtiles) character file.

Game seed: 3397055421930139561

1663 KapersCrawl the Grappler (level 8, -2/79 HPs)
             Began as a Troll Monk on July 11, 2019.
             Was a Priest of Okawaru.
             Killed from afar by a gargoyle (30 damage)
             ... with a stone arrow
             ... on level 6 of the Dungeon.
             The game lasted 00:15:44 (4653 turns).

KapersCrawl the Grappler (Troll Monk)               Turns: 4653, Time: 00:15:45

Health: -2/79      AC:  8    Str: 21    XL:     8   Next: 69%
Magic:  16/17      EV: 13    Int:  7    God:    Okawaru [***...]
Gold:   425        SH:  0    Dex: 12    Spells: 8/9 levels left

rFire    . . .     SeeInvis .     - Unarmed
rCold    . . .     Gourm    +   (no shield)
rNeg     . . .     Faith    .   y - +1 robe {MR+}
rPois    .         Spirit   .   (helmet restricted)
rElec    .         Reflect  .   u - +0 cloak
rCorr    .         Harm     .   (gloves unavailable)
MR       +....                  (boots unavailable)
Stlth    +++.......             (no amulet)
HPRegen  0.63/turn              k - ring of magical power
MPRegen  0.15/turn              (no ring)

@: heroism, lightly drained
A: large, unfitting armour, claws 3, fast metabolism 3, gourmand, regeneration
1, shaggy fur 1, tough skin 3
a: Heroism, Renounce Religion


You were on level 6 of the Dungeon.
You worshipped Okawaru.
Okawaru was most pleased with you.
You were very full.

You visited 1 branch of the dungeon, and saw 6 of its levels.

You collected 425 gold pieces.

Inventory:

Hand Weapons
 w - the +1 hunting sling "Bitin" {speed, Str+3}
   (You found it on level 4 of the Dungeon)

   Attacks with this weapon are significantly faster.
   It affects your strength (+3).
Missiles
 e - 244 stones (quivered)
 m - 11 javelins
 x - 9 poisoned darts
 E - 4 boomerangs
 I - 4 large rocks
Armour
 a - a +0 robe
 u - a +0 cloak (worn)
 y - a +1 robe of magic resistance (worn)
Jewellery
 k - a ring of magical power (left claw)
 o - an uncursed amulet of regeneration {unknown}
 G - a +4 ring of intelligence {unknown}
Wands
 n - a wand of flame (24)
 B - a wand of paralysis (8)
Scrolls
 d - 2 scrolls of remove curse
 g - 4 scrolls of teleportation
 j - a scroll of magic mapping
 q - 2 scrolls of immolation
 r - a scroll of random uselessness {unknown}
 s - 4 scrolls of identify
 t - a scroll of amnesia {unknown}
 C - 2 scrolls of blinking {unknown}
 D - 2 scrolls of summoning {unknown}
Potions
 c - 2 potions of brilliance {unknown}
 f - a potion of cancellation {unknown}
 h - a potion of agility {unknown}
 i - 2 potions of haste {unknown}
 l - 3 potions of might {unknown}
 p - 2 potions of lignification {unknown}
 v - a potion of degeneration {unknown}
 z - 3 potions of curing {unknown}
 A - a potion of mutation {unknown}
 F - a potion of ambrosia {unknown}
Comestibles
 b - 12 rations
 H - 6 chunks of flesh


   Skills:
 + Level 4.8(9.2) Fighting
 + Level 1.1(5.6) Throwing
 - Level 2.4(6.8) Dodging
 - Level 1.0(5.4) Stealth
 + Level 8.5(12.8) Unarmed Combat
 - Level 1.1(0.6) Spellcasting
 + Level 3.1(2.6) Transmutations
 - Level 2.0(1.5) Invocations


You had 8 spell levels left.
You knew the following spells:

 Your Spells              Type           Power        Failure   Level  Hunger
a - Beastly Appendage     Tmut           #.....       16%         1    ##.....

Your spell library contained the following spells:

 Spells                   Type           Power        Failure   Level  Hunger
 Sticks to Snakes         Tmut           #.......     22%         2    ###....
 Spider Form              Tmut/Pois      #.........   61%         3    ####...
 Ice Form                 Ice/Tmut       #.......     95%         4    #####..
 Blade Hands              Tmut           #.........   99%         5    ######.


Dungeon Overview and Level Annotations

Branches:
Dungeon (6/15)             Temple (0/1) D:4

Altars:
Hepliaklqana
Okawaru
Ru
Uskayaw
Wu Jian
Xom
Zin


Innate Abilities, Weirdness & Mutations

You are too large for most types of armour.
You have claws for hands.
Your metabolism is lightning-fast.
You like to eat raw meat.
Your natural rate of healing is unusually fast.
You are covered in fur. (AC +1)
You have extremely tough skin. (AC +3)


Message History

You barely miss the gargoyle.
The gargoyle is lightly damaged.
The gargoyle closely misses you.
You barely miss the gargoyle.
The gargoyle is lightly damaged.
The crimson imp blinks!
You scratch the gargoyle but do no damage.
The gargoyle is lightly damaged.
The gargoyle hits you with a +0 mace of protection!
You barely miss the gargoyle. Your claw misses the gargoyle.
The gargoyle is lightly damaged.
You scratch the gargoyle.
The gargoyle is moderately damaged.
The gargoyle hurls a stone arrow at you.
The stone arrow hits you!!
You scratch the gargoyle but do no damage.
The gargoyle is moderately damaged.
The gargoyle hurls a stone arrow at you.
The stone arrow hits you!!
You die...

### #.8####
##.r+.9@..##
#..8#..#8..#
#.###+####.# #
#!!$(%Z#5#
#######.# ...
#..#8..# ...#
+..'[.##
....####8.#####..#
.......##'##..#...


You could see a gargoyle and a crimson imp.

Vanquished Creatures
  The ghost of ohados the Slasher, an amateur DsGl (D:4)
  Edmund (D:5)
  Duvessa (D:5)
  A phantom (D:4)
  An orc warrior (D:6)
  2 ogres (D:4)
  A centaur (D:6)
  Dowan (D:5)
  A scorpion (D:5)
  A wight (D:5)
  A crimson imp (D:6)
  3 jellies (D:4)
  3 hounds
  2 orc priests
  2 orc wizards
  An iguana (D:4)
  5 worker ants
  4 gnolls (D:4)
  7 adders
  9 oozes
  An adder zombie (D:6)
  2 adder skeletons (D:4)
  2 dart slugs
  9 leopard geckos
  6 orcs
  6 bats
  5 giant cockroaches
  3 goblins (D:3)
  7 hobgoblins
  14 jackals
  2 quokkas
  2 ball pythons
  2 frilled lizards
  A jackal zombie (D:5)
  12 kobolds
  A leopard gecko zombie (D:5)
  A quokka skeleton (D:5)
  5 rats
129 creatures vanquished.

Vanquished Creatures (others)
  5 toadstools (D:4)
5 creatures vanquished.

Grand Total: 134 creatures vanquished

Notes
Turn   | Place    | Note
-------+----------+-------------------------------------------
     0 | D:1      | KapersCrawl the Troll Monk began the quest for the Orb.
     0 | D:1      | Reached XP level 1. HP: 22/22 MP: 0/0
    91 | D:1      | Reached XP level 2. HP: 29/29 MP: 1/1
   689 | D:2      | Reached XP level 3. HP: 37/37 MP: 2/2
   709 | D:2      | Reached skill level 4 in Unarmed Combat
   762 | D:2      | Reached XP level 4. HP: 42/45 MP: 3/3
   823 | D:2      | Found an iron altar of Okawaru.
  1493 | D:3      | Found an ornate altar of the Wu Jian Council.
  1495 | D:3      | Found a hazy altar of Hepliaklqana.
  1627 | D:3      | Found a hide-covered altar of Uskayaw.
  1627 | D:3      | Found a sacrificial altar of Ru.
  1628 | D:3      | Found a glowing silver altar of Zin.
  1649 | D:3      | Reached skill level 5 in Unarmed Combat
  1876 | D:2      | Became a worshipper of Warmaster Okawaru
  1876 | D:2      | Reached * piety under Okawaru
  1876 | D:2      | Reached ** piety under Okawaru
  1932 | D:4      | Noticed a phantom
  1957 | D:4      | Killed a phantom
  1957 | D:4      | Reached XP level 5. HP: 48/53 MP: 2/4
  1967 | D:4      | Noticed an ogre
  1991 | D:4      | Reached skill level 6 in Unarmed Combat
  2011 | D:4      | Noticed an ogre
  2033 | D:4      | Killed an ogre
  2033 | D:4      | Reached XP level 6. HP: 44/61 MP: 2/5
  2115 | D:4      | Reached skill level 7 in Unarmed Combat
  2154 | D:4      | Found a staircase to the Ecumenical Temple.
  2165 | D:4      | Learned a level 1 spell: Beastly Appendage
  2225 | D:4      | Reached XP level 7. HP: 67/67 MP: 6/6
  2284 | D:4      | Noticed ohados's ghost (amateur DsGl)
  2294 | D:4      | Found a runed translucent gate.
  2294 | D:4      | Found a runed translucent gate.
  2294 | D:4      | Found a runed translucent gate.
  2320 | D:4      | Killed ohados's ghost
  2320 | D:4      | Reached skill level 1 in Transmutations
  2320 | D:4      | Reached skill level 1 in Invocations
  2321 | D:4      | Reached *** piety under Okawaru
  2704 | D:4      | Got an ichor-stained hunting sling
  2884 | D:5      | Entered Level 5 of the Dungeon
  3083 | D:5      | Identified the +1 hunting sling "Bitin" {speed, Str+3} (You
                  | found it on level 4 of the Dungeon)
  3093 | D:5      | Noticed Edmund
  3104 | D:5      | Killed Edmund
  3104 | D:5      | Reached XP level 8. HP: 78/78 MP: 5/8
  3107 | D:5      | Reached skill level 8 in Unarmed Combat
  3929 | D:5      | Noticed Duvessa
  3929 | D:5      | Noticed Dowan
  3934 | D:5      | Killed Duvessa
  3941 | D:5      | Killed Dowan
  3991 | D:5      | Found a shimmering altar of Xom.
  4254 | D:6      | Reached skill level 1 in Spellcasting
  4486 | D:6      | Received a gift from Okawaru
  4505 | D:6      | Reached skill level 1 in Throwing
  4641 | D:6      | Noticed a gargoyle
  4653 | D:6      | Killed from afar by a gargoyle

Levels and vault maps discovered:
D:1:      evilmike_arrival_crescent, layout_rooms
D:2:      wander_river, layout_rooms, overflow_temple_1_default
D:3:      minmay_wonky_spiral, layout_loops_ring, nicolae_overflow_hidden_temple
D:4:      cheibrodos_fertilizer, layout_basic, minmay_temple_entry_wispy,
          gammafunk_ghost_split, columned_hall_lemuel, minmay_bent
D:5:      layout_loops_corners, tgw_xom, first_ration, uniq_duvessa, uniq_edmund
D:6:      minmay_chambers_of_sixes, layout_cave_pools, dk_noncrumbling_3,
          nicolae_zen_rock_garden, minmay_small_thing

Skill      XL: |  1  2  3  4  5  6  7  8 |
---------------+-------------------------+-----
Fighting       | 3 4 |  4.8
Unarmed Combat | 4 5 6 7 8 |  8.5
Transmutations | 2 3 |  3.1
Invocations    | 2 |  2.0
Spellcasting   | 1 |  1.1
Throwing       | 1 |  1.1
Dodging        | |  2.4
Stealth        | |  1.0

Action                   |  1- 3 |  4- 6 |  7- 9 || total
-------------------------+-------+-------+-------++-------
Melee: Unarmed           |    47 |   100 |   214 ||   361
       Punch             |     2 |     2 |    10 ||    14
 Fire: Hunting sling     |       |       |    21 ||    21
Throw: Javelin           |     4 |     3 |     1 ||     8
       Stone             |       |       |     2 ||     2
Invok: Heroism           |       |     3 |     7 ||    10
  Use: Scroll            |       |       |     6 ||     6
 Stab: Sleeping          |       |     2 |     2 ||     4
  Eat: Chunk             |    12 |    14 |    21 ||    47
Armor: Robe              |    24 |    39 |    61 ||   124
Dodge: Dodged            |    28 |    44 |    93 ||   165

Table legend:
 A = Non-vault XP
 B = Vault XP
 C = Vault XP percentage of total XP
 D = Non-vault monster count
 E = Vault monster count
 F = Vault count percentage of total count
                 A         B        C        D         E       F
            +---------+---------+-------+---------+---------+-------
      Total |    1562 |     814 |  34.3 |      99 |      30 |  23.3
            +---------+---------+-------+---------+---------+-------
        D:1 |      33 |       0 |   0.0 |      15 |       0 |   0.0
        D:2 |      73 |       0 |   0.0 |      17 |       0 |   0.0
        D:3 |      32 |      17 |  34.7 |      18 |       3 |  14.3
        D:4 |     779 |     386 |  33.1 |      24 |      23 |  48.9
        D:5 |     264 |     405 |  60.5 |      16 |       3 |  15.8
        D:6 |     381 |       6 |   1.6 |       9 |       1 |  10.0
            +---------+---------+-------+---------+---------+-------
